 Dungeon Crawl Stone Soup version 0.31.0-11-ge490571c62 (webtiles) character file.

Game seed: 16120555850044217514

385 hawla the Conjurer (level 6, -2/35 HPs)
             Began as a Deep Elf Conjurer on Feb 5, 2024.
             Slain by a water moccasin (7 damage)
             ... on level 6 of the Dungeon.
             The game lasted 00:06:56 (4138 turns).

hawla the Conjurer (Deep Elf Conjurer)              Turns: 4138, Time: 00:06:56

Health: -2/35      AC:  3    Str:  4    XL:     6   Next: 48%
Magic:  8/12       EV: 11    Int: 25    God:
Gold:   197        SH:  5    Dex: 13    Spells: 8/11 levels left

rFire   . . .        (no weapon)
rCold   . . .        i - +0 buckler
rNeg    . . .        a - +0 robe
rPois   .            (no helmet)
rElec   .            (no cloak)
rCorr   .            m - +0 pair of gloves
SInv    .            (no boots)
Will    .....        (no amulet)
Stlth   ++           (no ring)
HPRegen 0.25/turn    (no ring)
MPRegen 0.13/turn

%: no passive effects
@: no status effects
A: no striking features
a: no special abilities


You were on level 6 of the Dungeon.
You visited 1 branch of the dungeon, and saw 5 of its levels.

You collected 197 gold pieces.

Inventory:

Armour
 a - a +0 robe (worn)
 i - a +0 buckler (worn)
 m - a +0 pair of gloves (worn)
Talismans
 d - a maw talisman
Scrolls
 e - a scroll of amnesia
 j - a scroll of identify
 l - 2 scrolls of teleportation
Potions
 c - a potion of invisibility
 f - 2 potions of brilliance {unknown}
 g - 2 potions of attraction
 h - a potion of ambrosia {unknown}
 k - 4 potions of heal wounds {unknown}
 n - 2 potions of mutation {unknown}
 o - a potion of haste {unknown}


   Skills:
 - Level 2.0 Fighting
 - Level 0.7 Staves
 - Level 2.7 Dodging
 - Level 2.7 Stealth
 + Level 3.5 Shields
 - Level 3.2 Spellcasting
 - Level 4.5 Conjurations
 - Level 3.0 Translocations
 - Level 0.8 Evocations
 - Level 0.9 Shapeshifting


You had 8 spell levels left.
You knew the following spells:

 Your Spells              Type           Power      Damage    Failure   Level
a - Magic Dart            Conj           100%       1d8       2%          1
b - Searing Ray           Conj           52%        2d6       4%          2

Your spell library contained the following spells:

 Spells                   Type           Power      Damage    Failure   Level
 Jinxbite                 Hex            8%         N/A       28%         2
 Iskenderun's Mystic Bla  Conj/Tloc      22%        2d6       36%         4
 Fulminant Prism          Conj/Alch      7%         3d7       58%         4
 Yara's Violent Unravell  Hex/Alch       2%         3d3       99%         5
 Enfeeble                 Hex            2%         N/A       100%        7


Dungeon Overview and Level Annotations

Branches:
Dungeon (4/15)
 Temple: D:4-7

Altars:

Shops:
D:1 !


Message History

You flicker for a moment.
A water moccasin comes into view.
Found a scroll labelled OMAXAO ESATH and 7 gold pieces.
Found an escape hatch in the ceiling.
You flicker back into view.
There is a stone staircase leading down here.
There is an escape hatch in the ceiling here.
Found 19 gold pieces.
Found a stone staircase leading up.
You see here a scroll labelled OMAXAO ESATH.
The water moccasin hisses angrily.
The water moccasin barely misses you. You block the water moccasin's attack.
You see here 7 gold pieces.
The water moccasin closely misses you.
The water moccasin attacks as it pursues you!
The water moccasin bites you.
* * * LOW HITPOINT WARNING * * *
The water moccasin bites you but does no damage.
You see here a scroll labelled OMAXAO ESATH.
Magic courses through your body. You block the water moccasin's attack.
Casting: Searing Ray (safe; 4% risk of failure)
Confirm with . or Enter, or press ? or * to list all spells.
Aiming: Searing Ray (safe; 4% risk of failure)
Press: ? - help, Shift-Dir - straight line, f - water moccasin
Aim: a water moccasin (66% to hit)
The searing ray hits the water moccasin.
The water moccasin is lightly wounded. (Press . to maintain the ray.)
The water moccasin bites you.
* * * LOW HITPOINT WARNING * * *
The searing ray hits the water moccasin!
The water moccasin is heavily wounded.
The water moccasin barely misses you. You block the water moccasin's attack.
The searing ray hits the water moccasin.
The water moccasin is heavily wounded.
The water moccasin barely misses you.
The searing ray hits the water moccasin!
The water moccasin is almost dead.
You finish channelling your searing ray.
You block the water moccasin's attack. The water moccasin bites you!
You die...

#.# #.#.#
#.#####...#
#.......#.#
#######.#..
#.#.# #.#.# .
#.#.# ..#
#.#.#######....#
#>...<@S$...#
##..#≈≈...≈≈.<#
#..#≈≈...≈≈..#
#..#...≈.....#
#..#..≈.≈...$..
#....≈...≈.....
#.##.≈...≈.#.##
......≈.≈....#


You could see a water moccasin.

Vanquished Creatures
  An ogre (D:4)
  A bombardier beetle (D:4)
  A jelly (D:3)
  A sleepcap (D:6)
  An iguana (D:4)
  Natasha (thrice) (D:2)
  An adder (D:3)
  A shadow imp (D:4)
  2 ufetubi (D:6)
  3 ribbon worms
  3 orcs (D:4)
  5 bats
  5 endoplasms
  2 giant cockroaches (D:2)
  8 goblins
  5 hobgoblins
  4 jackals (D:1)
  6 ball pythons
  3 frilled lizards
  7 kobolds
  4 rats
67 creatures vanquished.

Notes
Turn   | Place    | Note
-------+----------+-------------------------------------------
     0 | D:1      | hawla the Deep Elf Conjurer began the quest for the Orb.
     0 | D:1      | Reached XP level 1. HP: 10/10 MP: 6/6
    45 | D:1      | Found Ydais Lelu's Distillery.
   293 | D:1      | Reached XP level 2. HP: 15/15 MP: 0/8
   302 | D:1      | Learned a level 2 spell: Searing Ray
  1105 | D:2      | Noticed Natasha
  1113 | D:2      | Killed Natasha
  1114 | D:2      | Reached skill level 1 in Translocations
  1114 | D:2      | Reached XP level 3. HP: 4/20 MP: 0/9
  1361 | D:2      | Reached skill level 1 in Fighting
  1656 | D:2      | Reached XP level 4. HP: 22/25 MP: 7/10
  1845 | D:2      | Noticed Natasha
  1851 | D:2      | Killed Natasha
  2084 | D:2      | Noticed Natasha
  2089 | D:2      | Killed Natasha
  2373 | D:3      | Identified the +3 chain mail of the Tanner {Str+3 Int+2
                  | Stlth+}
  2556 | D:3      | Reached XP level 5. HP: 30/30 MP: 8/11
  2724 | D:3      | Reached skill level 1 in Shields
  3128 | D:4      | Noticed an ogre
  3135 | D:4      | Killed an ogre
  3136 | D:4      | Reached XP level 6. HP: 35/35 MP: 1/12
  3258 | D:4      | Identified the +6 falchion of Gloom {speed, rElec rF+ Will+
                  | Dex-4}
  4078 | D:4      | You fall into a shaft and drop 2 floors!
  4086 | D:6      | Noticed an ice beast
  4123 | D:6      | Noticed a water moccasin
  4138 | D:6      | Slain by a water moccasin

Illustrated notes

Levels and vault maps discovered:
D:1:      spicycebolla_green_bress_n_ham, layout_loops_ring, serial_shops, shop
D:2:      layout_rooms, serial_co_window_serial, co_window_cross_1,
          co_window_of_opportunity_a, co_window_paths_a, co_window_corner_a,
          co_window_paths_b, co_window_2corner, co_window_unsneaky_path_e,
          co_window_unsneaky_path_a, co_window_of_opportunity_b,
          glass_columns_b, glass_columns_a, glass_columns_b, uniq_natasha
D:3:      layout_basic, grunt_ministairs_10
D:4:      layout_layer_cave
D:6:      layout_loops_ring, nicolae_uskayaw_suspiria, zin_academy,
          minmay_temple_entry_drinking_statues

Skill      XL: |  1  2  3  4  5  6 |
---------------+-------------------+-----
Translocations | 1 2 3 |  3.0
Fighting       | 1 2 |  2.0
Shields        | 2 3 |  3.5
Staves         | |  0.7
Dodging        | |  2.7
Stealth        | |  2.7
Spellcasting   | |  3.2
Conjurations   | |  4.5
Evocations     | |  0.8
Shapeshifting  | |  0.9

Action                     |  1- 3 |  4- 6 || total
---------------------------+-------+-------++-------
  Melee: Unarmed           |     1 |     6 ||     7
   Cast: Magic Dart        |    36 |    21 ||    57
         Searing Ray       |    14 |    24 ||    38
    Use: Scroll            |       |     8 ||     8
         Potion            |       |     2 ||     2
 Armour: Robe              |     7 |    32 ||    39
  Dodge: Dodged            |     5 |    25 ||    30
  Block: Buckler           |       |    11 ||    11
